 Dungeon Crawl Stone Soup version 0.18.1-5-g4a78601 (webtiles) character file.

55 Rattbag the Grasshopper (level 3, -6/29 HPs)
             Began as a Centaur Warper on May 14, 2016.
             Was an Initiate of Elyvilon.
             Killed by divine providence
             ... invoked by an orc priest
              (16 damage)
             ... on level 3 of the Dungeon.
             The game lasted 00:10:27 (1109 turns).

Rattbag the Grasshopper (Centaur Warper)            Turns: 1109, Time: 00:10:27

Health: -6/29      AC:  6    Str: 13    XL:     3   Next: 67%
Magic:  5/5        EV:  8    Int: 12    God:    Elyvilon [......]
Gold:   124        SH:  0    Dex:  9    Spells: 1 memorised, 4 levels left

rFire  . . .     SeeInvis .     a - +1 spear
rCold  . . .     Gourm    .     h - +0 ring mail
rNeg   . . .     Faith    .     (no shield)
rPois  .         Spirit   .     t - +0 helmet
rElec  .         Dismiss  .     (no cloak)
rCorr  .         Reflect  .     (no gloves)
SustAt .         Harm     .     (no barding)
MR     .....                    (no amulet)
Stlth  ..........               (no ring)
                                p - +1 ring of slaying

@: very quick, not resistant to hostile enchantments, extremely unstealthy
A: hooves 3, deformed body, speed 2, tough skin 3
a: Renounce Religion


You were on level 3 of the Dungeon.
You worshipped Elyvilon.
Elyvilon was noncommittal.
You were not hungry.

You visited 1 branch of the dungeon, and saw 3 of its levels.

You collected 124 gold pieces.

Inventory:

Hand Weapons
 a - a +1 spear (weapon)
 r - a cursed -2 falchion
 u - a cursed -3 mace
Missiles
 e - 4 tomahawks of dispersal (quivered)
 n - 20 arrows
 q - 41 stones
 s - 24 bolts
Armour
 b - a +0 leather armour
 h - a +0 ring mail (worn)
 t - a +0 helmet (worn)
Jewellery
 p - a +1 ring of slaying (left hand)
Scrolls
 d - 2 scrolls of blinking
 l - 4 scrolls of identify {unknown}
 m - a scroll of enchant armour {unknown}
 o - 2 scrolls of teleportation
Potions
 g - 2 potions of resistance {unknown}
 i - a potion of brilliance {unknown}
 j - a potion of mutation {unknown}
 k - a potion of might {unknown}
 w - a potion of magic {unknown}
Books
 c - a book of Spatial Translocations

   Spells                             Type                      Level
   a - Apportation                    Translocation                1
   b - Blink                          Translocation                2
   c - Shroud of Golubria             Charms/Translocation         2
   d - Portal Projectile              Translocation                3
   e - Teleport Other                 Translocation                3
   f - Passage of Golubria            Translocation                4
Comestibles
 f - a bread ration
 v - a meat ration


   Skills:
 + Level 2.2 Fighting
 + Level 2.1 Polearms
 + Level 1.1 Throwing
 + Level 0.8 Armour
 + Level 1.9 Dodging
 + Level 1.9 Spellcasting
 + Level 3.1 Translocations


You had 4 spell levels left.
You knew the following spells:

 Your Spells              Type           Power        Failure   Level  Hunger
a - Apportation           Tloc           #.........   17%         1    ##.....


Dungeon Overview and Level Annotations

Branches:
Dungeon (3/15)

Altars:
Elyvilon


Innate Abilities, Weirdness & Mutations

You have hooves in place of feet.
Armour fits poorly on your strangely shaped body.
You cover ground very quickly.
You have extremely tough skin (AC +3).


Message History

A bat comes into view.
You hit the bat.
You kill the bat!
You see here a bat corpse.
An orc comes into view. It is wielding a hand axe.
The orc shouts!
Found a fuming green potion.
You see here a fuming green potion.
w - a fuming green potion
Found 18 gold pieces.
You now have 124 gold pieces (gained 18).
Found 14 gold pieces. 2 orcs and an orc priest come into view.
The orc shouts!
The orc priest shouts!
The orc shouts!
The orc priest calls down the wrath of Beogh upon you.
Beogh smites you!
The orc priest invokes the aid of Beogh against you.
Beogh smites you!
Ouch! That really hurt!
You die...

#.#
#.##########
#..........#
##########.#
.######.#######
.....oo........
......o........
.######.#######
#@# #$# #.# #..
###


You could see an orc priest and 2 orcs.

Vanquished Creatures
  2 adders (D:2)
  2 worms (D:2)
  A dart slug (D:1)
  A giant gecko (D:2)
  6 bats
  A giant cockroach (D:1)
  3 goblins (D:1)
  2 hobgoblins
  5 kobolds
  A giant newt (D:1)
  2 rats (D:1)
26 creatures vanquished.

Notes
Turn   | Place    | Note
--------------------------------------------------------------
     0 | D:1      | Rattbag the Centaur Warper began the quest for the Orb.
     0 | D:1      | Reached XP level 1. HP: 17/17 MP: 3/3
   149 | D:1      | Reached XP level 2. HP: 21/24 MP: 4/4
   327 | D:1      | Reached skill level 3 in Translocations
   413 | D:2      | Found a white marble altar of Elyvilon.
   419 | D:2      | Became a worshipper of Elyvilon the Healer
   513 | D:2      | Reached XP level 3. HP: 25/29 MP: 5/5
  1109 | D:3      | Killed from afar by an orc priest

Skill      XL: |  1  2 |
---------------+-------+-----
Polearms       | 2 |  2.1
Translocations | 3 |  3.1
Fighting       | |  2.2
Throwing       | |  1.1
Armour         | |  0.8
Dodging        | |  1.9
Spellcasting   | |  1.9

Action                   || total
-------------------------++-------
Melee: Spear             ||   108
       Kick              ||    17
Throw: Tomahawk          ||     1
  Use: Scroll            ||     2
Armor: Ring mail         ||    43
Dodge: Dodged            ||    44
